 Dungeon Crawl Stone Soup version 0.31-a0-1027-gfb7600b534 (webtiles) character file.

Game seed: 11594296631807272414

35 vahanchamaka the Digger (level 3, 0/26 HPs)
             Began as a Meteoran Earth Elementalist on Nov 18, 2023.
             Succumbed to an adder's poison
             ... on level 2 of the Dungeon.
             The game lasted 00:09:59 (287 turns).

vahanchamaka the Digger (MeEE)                       Turns: 287, Time: 00:10:00

Health: 0/26       AC:  2    Str:  9    XL:     3   Next: 79%
Magic:  4/8        EV: 12    Int: 19    God:
Gold:   8          SH:  0    Dex: 14    Spells: 5/8 levels left

rFire   . . .        c - +0 hand axe
rCold   . . .        (no shield)
rNeg    . . .        a - +0 robe
rPois   .            (no helmet)
rElec   .            (no cloak)
rCorr   .            (no gloves)
SInv    .            (no boots)
Will    .....        (no amulet)
Stlth   +            (no ring)
HPRegen 0.24/turn    (no ring)
MPRegen 0.11/turn

%: no passive effects
@: lethally poisoned (0 -> -2), glowing
A: sense surroundings 1, otherworldly, glowing, explore regen
a: no special abilities


You were on level 2 of the Dungeon.
You visited 1 branch of the dungeon, and saw 2 of its levels.

You collected 8 gold pieces.

Inventory:

Hand Weapons
 c - a +0 hand axe (weapon)
 d - a +0 club
 e - a +0 short sword
 f - a +0 club
 g - a +0 club
Armour
 a - a +0 robe (worn)
Talismans
 h - a beast talisman
Potions
 b - a potion of magic


   Skills:
 + Level 0.1 Fighting
 + Level 2.3 Dodging
 + Level 1.4 Stealth
 + Level 3.3 Spellcasting
 + Level 1.3 Transmutations
 + Level 4.6 Earth Magic


You had 5 spell levels left.
You knew the following spells:

 Your Spells              Type           Power      Damage    Failure   Level
a - Sandblast             Erth           40%        2d10      2%          1
b - Passwall              Tmut/Erth      11%        N/A       7%          2

Your spell library contained the following spells:

 Spells                   Type           Power      Damage    Failure   Level
 Apportation              Tloc           6%         N/A       14%         1
 Necrotise                Necr           12%        1d4       14%         1
 Summon Small Mammal      Summ           12%        N/A       14%         1
 Stone Arrow              Conj/Erth      24%        3d8       17%         3
 Petrify                  Tmut/Erth      14%        N/A       41%         4
 Brom's Barrelling Bould  Conj/Erth      12%        2d4       50%         4


Dungeon Overview and Level Annotations

Branches:
Dungeon (2/15) Zot: 901

Altars:


Innate Abilities, Weirdness & Mutations

You passively map a small area around you.
You are easily found by Zot.
You glow in the dark.
You regain HP and MP as you explore.


Message History

The blast of sand hits the adder!
The adder is almost dead.
You feel sick.
You barely miss the adder.
The adder is almost dead.
You feel sick. The adder bites you. The adder closely misses you.
You miss the adder.
The adder is severely wounded.
You feel sick.
You are no longer poisoned.
The adder bites you.
You are poisoned.
The adder poisons you!
Your magical contamination has completely faded away.
You closely miss the adder.
The adder is severely wounded.
You feel sick. The adder bites you.
* * * LOW HITPOINT WARNING * * *
You are lethally poisoned!
The adder poisons you! The adder closely misses you.
Okay, then.
Aiming: Sandblast (safe; 2% risk of failure)
Press: ? - help, Q - select action, (/) - cycle Shift-Dir - straight line, f/p - adder
Aim: an adder (severely wounded, 72% to hit)
The blast of sand hits the adder.
You kill the adder!
* * * LOW HITPOINT WARNING * * *
You feel very sick.
Okay, then.
There is a lethal amount of poison in your body!
* * * LOW HITPOINT WARNING * * *
You feel sick.
You begin transforming.
You continue transforming.
* * * LOW HITPOINT WARNING * * *
You feel sick.
You continue transforming.
* * * LOW HITPOINT WARNING * * *
You feel sick.
You continue transforming.
You die...

, ,.........# #.
.........# #....$......##
, #............# ,*
#............# ,* , *...
........# * ,
*,#.#####....# ,
#.......†@.+ *
#....##....# ,
#....######## ,
#...........# , *
#...........# * *
,#...........# , *
#...........##########. *
#......................
+......................,,


There were no monsters in sight!

Vanquished Creatures
  2 adders (D:2)
  2 bats
  3 goblins (D:1)
  A hobgoblin (D:1)
  4 jackals (D:2)
  A kobold (D:1)
  A quokka (D:1)
14 creatures vanquished.

Notes
Turn   | Place    | Note
-------+----------+-------------------------------------------
     0 | D:1      | vahanchamaka the Meteoran Earth Elementalist began the
                  | quest for the Orb.
     0 | D:1      | Reached XP level 1. HP: 14/14 MP: 5/5
    44 | D:1      | Reached skill level 4 in Earth Magic
    46 | D:1      | Reached XP level 2. HP: 20/20 MP: 2/6
   141 | D:1      | Learned a level 2 spell: Passwall
   278 | D:2      | Reached XP level 3. HP: 19/26 MP: 5/8
   286 | D:2      | HP: 1/26 [poisoned by an adder]
   287 | D:2      | Succumbed to an adder's poison

Illustrated notes

Levels and vault maps discovered:
D:1:      evilmike_arrival_crescent, layout_basic,
          dilly_ecumenical_altar_fadedgnrine, chequers_serial_rivers_micro_b
D:2:      layout_basic

Skill      XL: |  1  2 |
---------------+-------+-----
Earth Magic    | 4 |  4.6
Spellcasting   | 3 |  3.3
Fighting       | |  0.1
Dodging        | |  2.3
Stealth        | |  1.4
Transmutations | |  1.3

Action                     || total
---------------------------++-------
  Melee: Hand axe          ||    10
   Cast: Sandblast         ||    16
         Passwall          ||     1
 Armour: Robe              ||    12
  Dodge: Dodged            ||     9
   Form: Beast             ||     1

Table legend: (Time is in decaauts)
 A = Elapsed time spent in this place.
 B = Non-inter-level travel time spent in this place.
 C = Inter-level travel time spent in this place.
 D = Time resting spent in this place.
 E = Time spent auto-exploring this place.
 F = Levels seen in this place.
 G = Mean time per level.
                   A        B        C        D        E       F      G
               +--------+--------+--------+--------+--------+-----+--------+
         Total |    299 |    285 |     14 |     72 |      0 |   2 |  149.5 |
       Dungeon |    299 |    285 |     14 |     72 |      0 |   2 |  149.5 |
               +--------+--------+--------+--------+--------+-----+--------+

Top non-repeatable levels by time:
     D:1: 226 daAuts
     D:2: 72 daAuts
